 Dungeon Crawl Stone Soup version 0.19-a0-1454-g889e34b (webtiles) character file.

922 zxpr0jk the Chiller (level 7, -6/50 HPs)
             Began as a Purple Draconian Ice Elementalist on Sept 6, 2016.
             Was a Follower of Cheibriados.
             Mangled by Menkaure (11 damage)
             ... on level 5 of the Dungeon.
             The game lasted 00:16:47 (5382 turns).

zxpr0jk the Chiller (DrIE)                          Turns: 5382, Time: 00:16:47

Health: -6/50      AC: 14    Str: 13    XL:     7   Next: 84%
Magic:  12/14      EV: 11    Int: 28    God:    Cheibriados [*.....]
Gold:   170        SH:  9    Dex: 16    Spells: 2 memorised, 12 levels left

rFire  . . .     SeeInvis .     p - +0 war axe (curse)
rCold  . . .     Gourm    .     (armour unavailable)
rNeg   . . .     Faith    .     d - +0 shield (curse)
rPois  .         Spirit   .     (helmet restricted)
rElec  .         Dismiss  +     x - +0 cloak {MR+}
rCorr  .         Reflect  .     (no gloves)
MR     ++...     Harm     .     (no boots)
Stlth  ++........               m - amulet of dismissal
                                A - +6 ring of intelligence
                                r - +3 ring of intelligence

@: icy armour, short of breath, very slow
A: breathe power, unfitting armour, cold-blooded, AC +6
a: Breathe Dispelling Energy, Bend Time, Renounce Religion


You were on level 5 of the Dungeon.
You worshipped Cheibriados.
Cheibriados was aware of your devotion.
You were not hungry.

You visited 2 branches of the dungeon, and saw 6 of its levels.

You collected 170 gold pieces.

Inventory:

Hand Weapons
 p - a cursed +0 war axe (weapon)
Missiles
 l - 134 stones (quivered)
Armour
 d - a cursed +0 shield (worn)
 x - a +0 cloak of magic resistance (worn)
Jewellery
 m - an amulet of dismissal (around neck)
 r - a +3 ring of intelligence (left hand)
 y - an uncursed ring of poison resistance
 A - a +6 ring of intelligence (right hand)
Scrolls
 c - a scroll of teleportation
 e - 6 scrolls of identify {unknown}
 f - a scroll of fear {unknown}
 i - 2 scrolls of fog {unknown}
 q - a scroll of brand weapon {unknown}
 s - 4 scrolls of remove curse {unknown}
 t - 3 scrolls of amnesia {unknown}
 v - 3 scrolls of enchant armour {unknown}
 B - a scroll of immolation {unknown}
Potions
 g - a potion of flight
Books
 a - a book of Frost

   Spells                             Type                      Level
   a - Freeze                         Ice                          1
   b - Throw Frost                    Conjuration/Ice              2
   c - Ozocubu's Armour               Charms/Ice                   3
   d - Throw Icicle                   Conjuration/Ice              4
   e - Summon Ice Beast               Ice/Summoning                4
Comestibles
 b - 4 bread rations
 h - a slice of pizza
 j - a beef jerky
 k - a meat ration
 n - 8 fruits
 u - a chunk of flesh


   Skills:
 + Level 3.4 Dodging
 - Level 1.7 Stealth
 + Level 3.1 Shields
 - Level 5.2 Spellcasting
   Level 1.0 Conjurations
 - Level 2.5 Charms
 - Level 6.4 Ice Magic


You had 12 spell levels left.
You knew the following spells:

 Your Spells              Type           Power        Failure   Level  Hunger
a - Freeze                Ice            ####         2%          1    None
b - Ozocubu's Armour      Chrm/Ice       ####....     17%         3    #......


Dungeon Overview and Level Annotations

Branches:
Dungeon (5/15)             Temple (1/1) D:4

Altars:
Ashenzari
Cheibriados
Dithmenos
Fedhas
Hepliaklqana
Kikubaaqudgha
Makhleb
Nemelex Xobeh
Okawaru
Qazlal
Ru
Trog
Vehumet
Xom
Yredelemnul
Zin
The Shining One

Annotations:
D:3 DailyAlice's ghost, amateur MiCK
D:5 Menkaure; Pikel


Innate Abilities, Weirdness & Mutations

You can breathe bolts of dispelling energy.
Your rich purple scales are hard. (AC +6)
Your body does not fit into most forms of armour.
You are cold-blooded and may be slowed by cold attacks.


Message History

Menkaure is severely damaged.
The crimson imp blinks!
Menkaure hits you!
You barely miss Menkaure.
Menkaure is severely damaged.
Menkaure calls on the powers of darkness!
Your body is wracked with pain!
* * * LOW HITPOINT WARNING * * *
Menkaure hits you.
* * * LOW HITPOINT WARNING * * *
Casting: Ozocubu's Armour
Confirm with . or Enter, or press ? or * to list all spells.
Aiming: Freeze
Press: ? - help, Shift-Dir - straight line, f/p - Menkaure
Aim: Menkaure (severely damaged)
Okay, then.
Okay, then.
You hit Menkaure but do no damage.
Menkaure is severely damaged.
Menkaure hits you!
You die...

.. #.. #........# #
... .........#. ....
.....5...#. ....
.......' ...#
........# ...# #.#
#....# ...# .. #WM.#
...# ##.# ##@.##
...# ##..# ##....#
...## #...# ##...#.#
##..###..####..###.#
##.......#....####.#
.#..###............#
.#.## ##...........#
#..# ##<..######..#
#.## #...## ..


You could see a phantom, Menkaure and a crimson imp.

Vanquished Creatures
  Eustachio (D:4)
  A slave (D:5)
  A phantom (D:4)
  3 scorpions (D:4)
  2 howler monkeys (D:4)
  5 hounds
  Crazy Yiuf (D:2)
  Ijyb (D:2)
  2 worker ants
  7 adders
  3 gnolls (D:4)
  An adder zombie (D:5)
  5 worms
  3 dart slugs
  2 giant geckos
  6 orcs (D:3)
  7 giant cockroaches
  7 goblins
  7 hobgoblins
  8 jackals
  11 kobolds
  A quokka (D:4)
  2 ball pythons
  19 bats
  5 giant newts
  7 rats
118 creatures vanquished.

Notes
Turn   | Place    | Note
-------+----------+-------------------------------------------
     0 | D:1      | zxpr0jk the Draconian Ice Elementalist began the quest for the Orb.
     0 | D:1      | Reached XP level 1. HP: 14/14 MP: 3/3
   394 | D:1      | Reached XP level 2. HP: 4/20 MP: 0/5
  1394 | D:2      | Reached XP level 3. HP: 26/26 MP: 4/6
  1407 | D:2      | Learned a level 3 spell: Ozocubu's Armour
  1524 | D:2      | Reached skill level 4 in Ice Magic
  1683 | D:2      | Found a runed door.
  1737 | D:2      | Noticed Ijyb
  1753 | D:2      | Killed Ijyb
  1753 | D:2      | Reached XP level 4. HP: 19/33 MP: 1/8
  2312 | D:2      | Noticed Crazy Yiuf
  2320 | D:2      | Killed Crazy Yiuf
  2320 | D:2      | Reached XP level 5. HP: 26/38 MP: 5/10
  2513 | D:3      | Reached skill level 5 in Ice Magic
  2561 | D:3      | Found a faded altar of an unknown god.
  2722 | D:3      | Found a shattered altar of Ashenzari.
  3094 | D:3      | Noticed DailyAlice's ghost (amateur MiCK)
  3196 | D:4      | Noticed a phantom
  3376 | D:4      | Killed a phantom
  3376 | D:4      | Reached skill level 1 in Charms
  3376 | D:4      | Reached XP level 6. HP: 26/45 MP: 11/11
  3647 | D:4      | Found a staircase to the Ecumenical Temple.
  3652 | D:4      | Reached skill level 6 in Ice Magic
  3672 | Temple   | Entered the Ecumenical Temple
  3681 | Temple   | Became a worshipper of Cheibriados the Contemplative
  3885 | D:4      | Noticed Eustachio
  4130 | D:5      | Entered Level 5 of the Dungeon
  4149 | D:5      | Your scales start taking on a rich purple colour.
  4149 | D:5      | Reached skill level 5 in Spellcasting
  4149 | D:5      | Reached XP level 7. HP: 36/50 MP: 14/14
  4224 | D:5      | Noticed Pikel
  4240 | D:5      | HP: 1/50 [slave[Pikel] (4)]
  4582 | D:4      | Reached skill level 1 in Shields
  4876 | D:4      | Reached * piety under Cheibriados
  4948 | D:4      | Killed Eustachio
  5369 | D:5      | Noticed Menkaure
  5382 | D:5      | Mangled by Menkaure

Vault maps used:
D:1:      saegor_arrival_simple_c, serial_co_window_serial, co_window_paths_a,
          co_window_cross_1, co_window_paths_a, co_window_paths_b,
          co_window_corner_a, co_window_corner_a, co_window_paths_b,
          co_window_broadway_c, co_window_2corner, co_window_broadway_a,
          co_window_2corner, co_window_corner_b, glass_columns_a,
          glass_columns_c, glass_columns_a
D:2:      uniq_iyjb, uniq_crazy_yiuf_cottage
D:3:      marbit_many_paths, ecumenical_altar_2
D:4:      corexii_shack_village, first_bread, roderic_batcave, uniq_eustachio
D:5:      led_xom_imps, uniq_pikel, uniq_duvessa, uniq_menkaure, uniq_sigmund
Temple:   nicolae_temple_elliptical

Skill      XL: |  1  2  3  4  5  6  7 |
---------------+----------------------+-----
Ice Magic      | 4 5 6 |  6.4
Spellcasting   | 3 5 |  5.2
Charms         | 1 2 |  2.5
Dodging        | 3 |  3.4
Shields        | 3 |  3.1
Stealth        | |  1.7
Conjurations   | |  1.0

Action                   |  1- 3 |  4- 6 |  7- 9 || total
-------------------------+-------+-------+-------++-------
Melee: Whip              |    52 |       |       ||    52
       Unarmed           |     2 |       |       ||     2
       Short sword       |    14 |       |       ||    14
       Tailslap          |     5 |    15 |    16 ||    36
       War axe           |    30 |   194 |   112 ||   336
Throw: Stone             |    11 |    61 |       ||    72
 Cast: Freeze            |    30 |    50 |    21 ||   101
       Ozocubu's Armour  |       |     2 |     3 ||     5
 Abil: Breathe Dispellin |       |       |     2 ||     2
  Use: Potion            |       |     8 |     3 ||    11
       Scroll            |       |     1 |     1 ||     2
 Stab: Sleeping          |     2 |     4 |     1 ||     7
  Eat: Chunk             |     3 |    10 |     4 ||    17
Armor: Skin              |    37 |   141 |    85 ||   263
Dodge: Dodged            |    75 |   155 |   136 ||   366
Block: Shield            |    18 |    97 |    86 ||   201
